 Dungeon Crawl Stone Soup version 0.24.0-125-gc4c63601f3 (webtiles) character file.

Game seed: 7195144787287951020, levelgen mode: deterministic

32 Mesmaeker13 the Slasher (level 3, 0/28 (30) HPs)
             Began as a Ghoul Gladiator on Mar 3, 2020.
             Slain by a sky beast (5 damage)
             ... on level 1 of the Dungeon.
             The game lasted 00:02:40 (1669 turns).

Mesmaeker13 the Slasher (Ghoul Gladiator)           Turns: 1669, Time: 00:02:41

HP:   0/28 (30)     AC: 10    Str: 17    XL:     3   Next: 27%
MP:   2/2           EV:  7    Int:  4    God:
Gold: 64            SH:  0    Dex: 10    Spells: 2/2 levels left

rFire    . . .     SeeInvis .   a - +0 long sword
rCold    + . .     Gourm    .   (no shield)
rNeg     + + +     Faith    .   e - +0 chain mail
rPois    ∞         Spirit   .   c - +0 helmet
rElec    .         Reflect  .   (no cloak)
rCorr    .         Harm     .   (no gloves)
MR       .....                  p - +0 pair of boots
Stlth    ..........             (no amulet)
HPRegen  0.00/turn              (no ring)
MPRegen  0.08/turn              (no ring)

@: rotting
A: rotting body, claws 1, carnivore, cold resistance 1, negative energy
resistance 3, inhibited regeneration, torment resistance, unbreathing
a: no special abilities


You were on level 1 of the Dungeon.
You were not hungry.

You visited 1 branch of the dungeon, and saw 2 of its levels.

You collected 64 gold pieces.

Inventory:

Hand Weapons
 a - a +0 long sword (weapon)
Missiles
 d - 2 throwing nets (quivered)
Armour
 c - a +0 helmet (worn)
 e - a +0 chain mail (worn)
 p - a +0 pair of boots (worn)
Jewellery
 n - an uncursed amulet of regeneration {unknown}
Scrolls
 b - a scroll of immolation {unknown}
 g - a scroll of fear {unknown}
 i - a scroll of teleportation {unknown}
 k - a scroll of blinking {unknown}
 o - 2 scrolls of identify {unknown}
Potions
 h - a potion of agility {unknown}
 j - a potion of ambrosia
 l - a potion of lignification {unknown}
 m - 2 potions of curing {unknown}
 q - a potion of cancellation {unknown}
Comestibles
 f - 2 rations


   Skills:
 + Level 2.9 Fighting
 + Level 3.1 Long Blades
 - Level 1.7 Throwing
 + Level 0.5 Armour
 - Level 3.0 Dodging


You had 2 spell levels left.
You didn't know any spells.
Your spell library was empty.

Dungeon Overview and Level Annotations

Branches:
Dungeon (2/15)

Altars:
Xom


Innate Abilities, Weirdness & Mutations

Your body is rotting away.
You thrive on raw meat.
You are immune to poison.
You have sharp fingernails.
You are carnivorous and can eat meat at any time.
Your flesh is cold resistant. (rC+)
You are immune to negative energy. (rN+++)
You do not regenerate when monsters are visible.
You are immune to unholy pain and torment.
You can survive without breathing.


Message History

There is an open door here.
There is an open door here.
There is a stone staircase leading down here.
The sky beast flickers out of sight!
Deactivating autopickup; reactivate with Ctrl-A.
You enter the shallow water.
Moving in this stuff is going to be slow.
Something hits you but does no damage.
A sky beast appears from thin air!
Reactivating autopickup.
The sky beast flickers out of sight!
Deactivating autopickup; reactivate with Ctrl-A.
A sky beast appears from thin air!
Reactivating autopickup.
You see here 2 throwing nets.
d - 2 throwing nets The sky beast hits you.
* * * LOW HITPOINT WARNING * * *
The sky beast shocks you.
You die...

### #.#
##.#############################
..............§Y@............[.#
##.###########################.##
#.################ #...
#..........≈.....# ####
#################.#
#.................####### #######
#.######...####.........# #.....)
#.# ###...####.........###......
#.# #.'...'..'......>..'.'......


You could see a sky beast.

Vanquished Creatures
  An adder (D:2)
  3 dart slugs (D:1)
  A giant cockroach (D:1)
  5 hobgoblins
  3 jackals (D:1)
  A bat (D:1)
  A kobold (D:1)
  2 rats
17 creatures vanquished.

Notes
Turn   | Place    | Note
-------+----------+-------------------------------------------
     0 | D:1      | Mesmaeker13 the Ghoul Gladiator began the quest for the
                  | Orb.
     0 | D:1      | Reached XP level 1. HP: 17/17 MP: 0/0
   556 | D:1      | Reached XP level 2. HP: 23/24 MP: 1/1
  1378 | D:2      | Found a shimmering altar of Xom.
  1378 | D:2      | Found a shimmering altar of Xom.
  1381 | D:2      | Found a shimmering altar of Xom.
  1389 | D:2      | Reached XP level 3. HP: 21/29 MP: 2/2
  1524 | D:2      | Noticed a sky beast
  1669 | D:1      | Slain by a sky beast

Levels and vault maps discovered:
D:1:      minmay_arrival_stair_chambers, layout_basic
D:2:      layout_rooms, xom_redecorated, hex_intersection

Skill      XL: |  1  2 |
---------------+-------+-----
Dodging        | 3 |  3.0
Long Blades    | 3 |  3.1
Fighting       | |  2.9
Throwing       | |  1.7
Armour         | |  0.5

Action                   || total
-------------------------++-------
Melee: Long sword        ||    54
Throw: Throwing net      ||     3
  Use: Potion            ||     1
  Eat: Chunk             ||     7
Armor: Leather armour    ||     4
       Chain mail        ||    30
Dodge: Dodged            ||    28
       Rpst.: Long sword ||     4
